 Dungeon Crawl Stone Soup version 0.29.1-12-g30fa7ad0bf (webtiles) character file.

Game seed: 7091790052481057688

351 kingofthe the Caller (level 6, 0/41 HPs)
             Began as a Merfolk Summoner on Jan 14, 2023.
             Succumbed to an adder's poison
             ... on level 4 of the Dungeon.
             The game lasted 00:11:49 (4568 turns).

kingofthe the Caller (Merfolk Summoner)             Turns: 4568, Time: 00:11:50

Health: 0/41       AC:  2    Str:  9    XL:     6   Next: 61%
Magic:  8/11       EV: 16    Int: 14    God:
Gold:   178        SH:  0    Dex: 22    Spells: 7/11 levels left

rFire   . . .      SeeInvis .   h - +1 short sword (speed)
rCold   . . .      Faith    .   f - orb {light}
rNeg    . . .      Spirit   .   a - +0 robe
rPois   .          Reflect  .   (no helmet)
rElec   .          Harm     .   (no cloak)
rCorr   .          Rampage  .   (no gloves)
Will    .....                   (no boots)
Stlth   +.........              (no amulet)
HPRegen 0.13/turn               r - +6 ring of dexterity
MPRegen 0.12/turn               (no ring)

@: lethally poisoned (0 -> -3), attractive, glowing
A: (nimble swimmer 2), mertail
a: no special abilities


You were on level 4 of the Dungeon.
You visited 1 branch of the dungeon, and saw 4 of its levels.

You collected 178 gold pieces.

Inventory:

Hand Weapons
 h - a +1 short sword of speed (weapon)
 x - a +0 spear
Missiles
 e - 35 stones
Armour
 a - a +0 robe (worn)
 f - an orb of light (worn)
 p - a +1 chain mail of cold resistance
Jewellery
 r - a +6 ring of dexterity (left hand)
Wands
 v - a wand of flame (13)
Scrolls
 g - a scroll of fog {unknown}
 k - a scroll of identify {unknown}
 n - 2 scrolls of enchant weapon {unknown}
 o - a scroll of noise {unknown}
 q - 2 scrolls of teleportation {unknown}
 s - a scroll of immolation {unknown}
 u - 2 scrolls of vulnerability {unknown}
Potions
 b - a potion of magic
 i - a potion of resistance {unknown}
 j - a potion of might {unknown}
 l - a potion of heal wounds {unknown}
 m - a potion of attraction
 t - a potion of haste {unknown}
 w - a potion of invisibility {unknown}


   Skills:
 + Level 5.5 Dodging
 - Level 3.0 Stealth
 + Level 3.4 Spellcasting
 * Level 5.6 Summonings


You had 7 spell levels left.
You knew the following spells:

 Your Spells              Type           Power      Damage    Failure   Level
a - Summon Small Mammal   Summ           72%        N/A       1%          1
z - Call Canine Familiar  Summ           18%        N/A       6%          3

Your spell library contained the following spells:

 Spells                   Type           Power      Damage    Failure   Level
 Call Imp                 Summ           18%        N/A       3%          2
 Summon Guardian Golem    Hex/Summ       10%        N/A       19%         3
 Summon Lightning Spire   Summ/Air       10%        N/A       54%         4
 Petrify                  Tmut/Erth      2%         N/A       90%         4
 Metabolic Englaciation   Hex/Ice        1%         N/A       99%         5
 Statue Form              Tmut/Erth      1%         N/A       100%        6


Dungeon Overview and Level Annotations

Branches:
Dungeon (4/15)
 Temple: D:4-7

Altars:
Okawaru

Shops:
D:1 (   D:2 :


Innate Abilities, Weirdness & Mutations

((You are very nimble when in or above water. (Stealth+, EV+, Speed+++)))
Your lower body shifts to a powerful aquatic tail in water.


Message History

The adder misses you.
The orc sings a few bars from the Orcish anthem.
The orc hits you with a +0 morningstar!
Casting: Call Canine Familiar (dangerous; 6% risk of failure)
Confirm with . or Enter, or press ? or * to list all spells.
The adder bites you.
You are poisoned.
The adder poisons you! The orc misses you.
Casting: Summon Small Mammal (safe; 1% risk of failure)
Confirm with . or Enter, or press ? or * to list all spells.
You feel sick. The adder bites you. The orc hits you with a +0 morningstar!
* * * LOW HITPOINT WARNING * * *
The adder attacks as you move away! The adder barely misses you.
The orc attacks as you move away! The orc misses you.
You feel sick. The adder closely misses you.
The orc hits your quokka with a +0 morningstar.
Your quokka dies!
Your quokka's corpse disappears in a puff of smoke!
The adder attacks as you move away! The adder barely misses you.
You feel sick.
Your hound bites the orc.
You feel sick.
Your hound closely misses the orc.
The adder attacks as you move away! The adder bites you.
* * * LOW HITPOINT WARNING * * *
You are lethally poisoned!
The adder poisons you!
* * * LOW HITPOINT WARNING * * *
You feel sick.
Your hound barely misses the orc.
The adder bites you.
* * * LOW HITPOINT WARNING * * *
Your hound bites the orc.
It was a potion of attraction.
You feel attractive to monsters.
* * * LOW HITPOINT WARNING * * *
You feel sick.
Your hound bites the orc.
The orc dies!
The adder closely misses you.
You hit the adder.
You kill the adder!
* * * LOW HITPOINT WARNING * * *
You feel sick.
You die...

######<####### ##.:.# ##
#....# #.... #.##.. #.#.##
#...# #..... #.#.###.#
#...#####..... #.......#
#...........[.
###.#########...#.###.....
.######.####..................
..............................
.##..##.##.#.@..h.............
#. #.##.######...#.###.#..# #
#.##.# #.......... #.##.#
#...##### #.##.# #...# .....#
..... .....# ...... #....>.#


You could see a friendly hound (summoned).

Vanquished Creatures
  Grinder (D:3)
  Robin (D:3)
  3 adders
  2 worms
  A dart slug (D:1)
  3 ball pythons (D:3)
  4 bats
  5 endoplasms
  3 giant cockroaches (D:1)
  16 goblins
  9 hobgoblins
  9 jackals
  3 quokkas
  3 frilled lizards
  6 kobolds
  3 rats (D:3)
72 creatures vanquished.

Vanquished Creatures (collateral kills)
  An adder (D:3)
  An orc (D:4)
  2 hobgoblins (D:1)
  3 jackals
  A ball python (D:3)
  5 kobolds
13 creatures vanquished.

Vanquished Creatures (others)
  11 plants (D:4)
11 creatures vanquished.

Grand Total: 96 creatures vanquished

Notes
Turn   | Place    | Note
-------+----------+-------------------------------------------
     0 | D:1      | kingofthe the Merfolk Summoner began the quest for the Orb.
     0 | D:1      | Reached XP level 1. HP: 13/13 MP: 3/3
   222 | D:1      | Found a faded altar of an unknown god.
   634 | D:1      | Reached XP level 2. HP: 19/19 MP: 1/5
  1027 | D:1      | Reached XP level 3. HP: 23/24 MP: 3/6
  1255 | D:1      | Found Lipnolia's Weapon Shop.
  1779 | D:2      | Learned a level 3 spell: Call Canine Familiar
  1807 | D:2      | Found Diqeudgh's Book Shop.
  2650 | D:2      | Reached XP level 4. HP: 23/30 MP: 7/7
  3625 | D:3      | Noticed Robin
  3635 | D:3      | Killed Robin
  3636 | D:3      | Reached XP level 5. HP: 26/35 MP: 9/9
  3788 | D:3      | Noticed Grinder
  3798 | D:3      | Killed Grinder
  3799 | D:3      | Reached skill level 5 in Dodging
  3799 | D:3      | Reached skill level 5 in Summonings
  3799 | D:3      | Reached XP level 6. HP: 13/41 MP: 7/11
  4457 | D:4      | Found an iron altar of Okawaru.
  4565 | D:4      | HP: 2/41 [adder (1)]
  4568 | D:4      | Succumbed to an adder's poison

Illustrated notes

Levels and vault maps discovered:
D:1:      lightli_arrival_lavapool, layout_basic, serial_rivers,
          chequers_serial_rivers_micro_e, chequers_serial_rivers_micro_a,
          chequers_serial_rivers_small_b, chequers_serial_rivers_room_a,
          chequers_serial_rivers_micro_b, chequers_serial_rivers_large_a,
          serial_shops, nicolae_shop_behind_doors, ebering_ecumenical_altar_box,
          minmay_unequal
D:2:      minmay_skewed_foursquare, layout_basic, serial_rivers,
          chequers_serial_rivers_micro_b, chequers_serial_rivers_small_3,
          chequers_serial_rivers_micro_b, chequers_serial_rivers_large_b,
          chequers_serial_rivers_micro_c, chequers_serial_rivers_small_b,
          serial_shops, nicolae_square_shop
D:3:      layout_basic, uniq_grinder, uniq_robin
D:4:      layout_loops_cross, nicolae_overflow_crystal_walls,
          kennysheep_okawaru_gauntlet, nrook_uturn, serial_bayou_lake_a,
          uniq_blork_the_orc, uniq_sigmund

Skill      XL: |  1  2  3  4  5 |
---------------+----------------+-----
Dodging        | 3 4 5 |  5.5
Stealth        | 3 |  3.0
Spellcasting   | 3 |  3.4
Summonings     | 5 |  5.6

Action                   |  1- 3 |  4- 6 || total
-------------------------+-------+-------++-------
Melee: Unarmed           |    14 |       ||    14
       Rapier            |    28 |       ||    28
       Short sword       |    77 |   133 ||   210
       Tailslap          |     3 |       ||     3
 Cast: Summon Small Mamm |    20 |     5 ||    25
       Call Canine Famil |     1 |     5 ||     6
  Use: Potion            |       |     1 ||     1
 Stab: Sleeping          |     3 |     1 ||     4
       Distracted        |       |     2 ||     2
Armor: Robe              |    17 |    15 ||    32
Dodge: Dodged            |   102 |    89 ||   191
